 Dungeon Crawl Stone Soup version 0.26-a0-812-g31a745ddcd (webtiles) character file.

Game seed: 7572087162471250739

50 Dracia the Unweaver (level 3, -1/43 HPs)
             Began as a Demonspawn Abyssal Knight on Dec 3, 2020.
             Was a Follower of Lugonu.
             Slain by a leopard gecko (3 damage)
             ... on level 2 of the Dungeon.
             The game lasted 00:04:56 (1429 turns).

Dracia the Unweaver (Demonspawn Abyssal Knight)     Turns: 1429, Time: 00:04:57

Health: -1/43      AC:  3    Str: 13    XL:     3   Next: 55%
Magic:  5/6        EV: 11    Int: 13    God:    Lugonu [*.....]
Gold:   89         SH:  0    Dex: 12    Spells: 2/2 levels left

rFire    . . .     SeeInvis .   a - +1 spear
rCold    . . .     Faith    .   (no shield)
rNeg     . . .     Spirit   .   b - +0 leather armour
rPois    .         Reflect  .   (no helmet)
rElec    .         Harm     .   (no cloak)
rCorr    .         Rampage  .   (no gloves)
MR       .....                  (no boots)
Stlth    ..........             (no amulet)
HPRegen  0.14/turn              (no ring)
MPRegen  0.10/turn              (no ring)

@: berserking (expiring), lethally poisoned (-1 -> -6), attractive, very quick
A: demonic guardian 1
a: Depart the Abyss, Renounce Religion


You were on level 2 of the Dungeon.
You worshipped Lugonu.
Lugonu was aware of your devotion.
You visited 1 branch of the dungeon, and saw 2 of its levels.
You visited the Abyss 1 time.

You collected 89 gold pieces.


Innate Abilities, Weirdness & Mutations

A weak demonic guardian rushes to your aid.


   Skills:
 - Level 3.0 Fighting
 + Level 2.8 Polearms
 - Level 1.7 Armour
 - Level 0.8 Dodging
 + Level 4.0 Invocations


You had 2 spell levels left.
You didn't know any spells.
Your spell library was empty.

Inventory:

Hand Weapons
 a - a +1 spear (weapon)
Missiles
 d - 14 poisoned darts (quivered)
Armour
 b - a +0 leather armour (worn)
Scrolls
 c - a scroll of identify {unknown}
 e - a scroll of fear {unknown}
 k - a scroll of teleportation {unknown}
Potions
 f - a potion of attraction
 h - a potion of cancellation {unknown}
 i - a potion of heal wounds {unknown}
 j - a potion of haste {unknown}
 l - a potion of invisibility {unknown}

Dungeon Overview and Level Annotations

Branches:
Dungeon (2/15)

Altars:

#...........†...#
#.#.#.#.#.......##
#.................#
#.#.#.#^#.......#..
##..........#.#####.
#..#.#.#.#..........
#....hr..##.######
##.#l#)### .#
###@#..# ..
..###.....## #.#
#.....#..## ..
###(....#### .##
#.#.#.##.## ...
...#.#.((..#..P. #..
# ###......≈≈
..##..###..#...♣.
#h..r..........


You could see a leopard gecko and a jackal.


Message History

The leopard gecko barely misses you.
You miss the adder.
The adder is severely wounded.
* * * LOW HITPOINT WARNING * * *
You feel sick. The adder barely misses you. The leopard gecko bites you.
* * * LOW HITPOINT WARNING * * *
You hit the adder.
You kill the adder!
Lugonu accepts your kill.
Your life force feels restored.
Your Invocations skill increases to level 4!
The jackal is pulled toward you! The jackal barely misses you.
You puncture the jackal!
You kill the jackal!
Lugonu accepts your kill. The kobold is pulled toward you!
The leopard gecko barely misses you.
You puncture the kobold!
You kill the kobold!
Lugonu accepts your kill.
* * * LOW HITPOINT WARNING * * *
You feel sick. The leopard gecko barely misses you.
The leopard gecko is pulled toward you! The leopard gecko barely misses you.
Items here: ( ††††.
You are too berserk!
You are too injured to fight recklessly!
You are too injured to fight recklessly!
You miss the leopard gecko.
* * * LOW HITPOINT WARNING * * *
You feel sick. The leopard gecko bites you.
You die...

Skill      XL: |  1  2  3 |
---------------+----------+-----
Polearms       | 2 |  2.8
Invocations    | 3 4 |  4.0
Fighting       | |  3.0
Armour         | |  1.7
Dodging        | |  0.8

Action                   || total
-------------------------++-------
Melee: Spear             ||   111
Invok: Depart the Abyss  ||     1
  Use: Potion            ||     2
Armor: Leather armour    ||    18
Dodge: Dodged            ||    61

Levels and vault maps discovered:
D:1:      lightli_arrival_lavapool, layout_loops_corners
D:2:      layout_rooms, overflow_temple_1_default,
          grunt_dithmenos_smoke_and_mirrors, chequers_garden,
          minmay_stone_trees_small, st_stairs_12, serial_bayou_pond_a,
          minmay_unequal

Notes
Turn   | Place    | Note
-------+----------+-------------------------------------------
     0 | Abyss:1  | Dracia the Demonspawn Abyssal Knight began the quest for
                  | the Orb.
     0 | Abyss:1  | Reached XP level 1. HP: 18/18 MP: 2/2
    97 | Abyss:1  | Found a corrupted altar of Lugonu.
    98 | Abyss:1  | Found a shimmering altar of Xom.
    98 | Abyss:1  | Found a corrupted altar of Lugonu.
   139 | Abyss:1  | Noticed a worldbinder
   140 | D:1      | You pass through the gate.
   140 | D:1      | Escaped the Abyss
   260 | D:1      | Reached skill level 2 in Polearms
   279 | D:1      | Reached * piety under Lugonu
   307 | D:1      | Reached skill level 3 in Invocations
   327 | D:1      | Gained mutation: A weak demonic guardian rushes to your
                  | aid. [demonic ancestry]
   327 | D:1      | Reached XP level 2. HP: 24/24 MP: 4/4
   863 | D:1      | Reached XP level 3. HP: 27/29 MP: 5/5
  1424 | D:2      | HP: 4/43 [poisoned by an adder]
  1425 | D:2      | Reached skill level 4 in Invocations
  1429 | D:2      | HP: 2/43 [poisoned by an adder]
  1429 | D:2      | Slain by a leopard gecko

Vanquished Creatures
  An adder (D:2)
  2 dart slugs
  8 bats (D:1)
  4 goblins
  4 hobgoblins
  2 jackals (D:2)
  8 kobolds
  A frilled lizard (D:1)
  4 rats (D:1)
34 creatures vanquished.

Vanquished Creatures (others)
  2 plants (D:2)
2 creatures vanquished.

Grand Total: 36 creatures vanquished

Table legend: (Time is in decaauts)
 A = Elapsed time spent in this place.
 B = Non-inter-level travel time spent in this place.
 C = Inter-level travel time spent in this place.
 D = Time resting spent in this place.
 E = Time spent auto-exploring this place.
 F = Levels seen in this place.
 G = Mean time per level.
                   A        B        C        D        E       F      G
               +--------+--------+--------+--------+--------+-----+--------+
         Total |   1426 |   1415 |     11 |      0 |   1209 |   3 |  475.3 |
       Dungeon |   1284 |   1273 |     11 |      0 |   1071 |   2 |  642.0 |
         Abyss |    141 |    141 |      0 |      0 |    138 |   1 |  141.0 |
               +--------+--------+--------+--------+--------+-----+--------+

Top non-repeatable levels by time:
     D:1: 1170 daAuts
 Abyss:1: 141 daAuts
     D:2: 114 daAuts

Table legend:
 A = Non-vault XP
 B = Vault XP
 C = Vault XP percentage of total XP
 D = Non-vault monster count
 E = Vault monster count
 F = Vault count percentage of total count
                 A         B        C        D         E       F
            +---------+---------+-------+---------+---------+-------
      Total |      68 |       4 |   5.6 |      33 |       1 |   2.9
            +---------+---------+-------+---------+---------+-------
        D:1 |      46 |       0 |   0.0 |      27 |       0 |   0.0
        D:2 |      22 |       4 |  15.4 |       6 |       1 |  14.3
            +---------+---------+-------+---------+---------+-------
